Map: Orbital Shipyard

Players

LilDicky

  • Race: Terran Terran
  • League: Diamond

Bear - Winner!

  • Race: Zerg Zerg
  • League: Gold

VOD

http://www.twitch.tv/tumescentpie

Description

Time

  • Played on: Dec. 20, 2015, 4:24 p.m.
  • Length: 7:17
Show
View Real Time Build Order
Export as new Build Order

LilDicky Terran 

Build Orders: MMM Bio 

Get SALT Encoding   

  12  0:02  SCV  
  13  0:15  SCV  
  14  0:25  Supply Depot  
  14  0:27  SCV  
  15  0:46  SCV  
  16  0:55  Barracks  
  16  1:00  SCV  
  17  1:18  SCV  
  18  1:30  SCV  
  18  1:32  Command Center  
  19  1:34  Refinery  
  19  1:42  SCV, Marine  
  19  1:45  Supply Depot  
  21  1:55  SCV  
  22  2:11  Marine  
  22  2:13  Command Center, SCV  
  24  2:27  Orbital Command  
  24  2:47  Orbital Command  
  24  2:50  Marine  
  25  2:57  Command Center  
  25  2:59  SCV  
  26  3:08  Refinery  
  26  3:09  Refinery  
  26  3:21  Marine  
  27  3:34  SCV x2  
  28  3:36  Orbital Command  
  28  3:39  Marine  
  30  3:50  SCV x2  
  32  3:57  Barracks  
  32  3:58  Barracks  
  32  4:00  Barracks  
  33  4:06  SCV x2  
  33  4:07  Barracks  
  35  4:12  Barracks Tech Lab, Barracks  
  35  4:15  SCV  
  35  4:18  Orbital Command  
  35  4:21  SCV  
  36  4:25  SCV  
  36  4:31  Stimpack  
  37  4:32  Marine  
  36  4:41  SCV  
  36  4:44  Marine  
  34  4:48  Marine x2  
  34  4:49  Marine  
  37  4:58  Barracks Tech Lab  
  33  5:02  Marine  
  33  5:04  SCV  
  33  5:05  SCV x2  
  39  5:07  Marine  
  39  5:11  SCV  
  41  5:16  Barracks Reactor  
  41  5:18  Barracks Reactor  
  41  5:20  Barracks Reactor  
  40  5:22  Barracks Reactor, Combat Shields  
  40  5:24  Marine  
  40  5:25  Marine  
  40  5:27  SCV  
  42  5:39  Barracks  
  42  5:41  Factory, Barracks  
  42  5:42  Marine  
  43  5:43  Marine  
  43  5:45  Orbital Command  
  43  5:48  SCV x3  
  47  5:59  Marine  
  47  6:00  SCV  
  47  6:01  Marine  
  46  6:10  Marine x5  
  46  6:11  Marine  
  47  6:14  Marine x2  
  47  6:17  Marine  
  45  6:23  Marine  
  42  6:28  Marine x6  
  42  6:29  Marine x2  
  42  6:32  Marine x2  
  48  6:35  Factory Reactor, Marine  
  48  6:36  Orbital Command  
  48  6:37  SCV, Starport  
  48  6:38  SCV x2  
  53  6:41  Marine  
  53  6:45  Marine  
  53  6:46  Marine x4  
  58  6:48  Marine x2  
  58  6:53  Marauder  
Show
View Real Time Build Order
Export as new Build Order

Bear Zerg - Winner!

Build Orders: Hatch First 

Get SALT Encoding   

  12  0:00  Drone  
  13  0:12  Overlord  
  13  0:17  Drone  
  14  0:30  Drone  
  14  0:31  Drone  
  14  0:34  Drone  
  17  0:52  Hatchery  
  17  0:55  Drone  
  17  0:59  Drone  
  17  1:03  Extractor  
  17  1:14  Spawning Pool  
  17  1:17  Drone  
  17  1:21  Drone  
  18  1:28  Drone  
  19  1:38  Overlord  
  19  2:01  Queen  
  19  2:03  Zergling x4  
  19  2:05  Queen  
  19  2:06  Zergling x2  
  26  2:08  Metabolic Boost  
  26  2:11  Drone  
  27  2:16  Drone  
  27  2:22  Drone  
  29  2:26  Drone  
  30  2:32  Drone  
  31  2:41  Drone  
  31  2:44  Overlord  
  33  2:51  Zergling x2  
  33  2:54  Zergling x2  
  33  2:58  Drone  
  35  3:05  Drone  
  36  3:14  Drone  
  36  3:15  Drone x6  
  43  3:21  Evolution Chamber  
  43  3:22  Roach Warren  
  43  3:24  Overlord  
  43  3:26  Drone  
  42  3:33  Drone x2  
  44  3:47  Drone  
  44  3:48  Drone x5  
  50  3:51  Extractor  
  50  3:52  Extractor  
  50  3:53  Zerg Missile Weapons Level 1  
  50  3:54  Drone  
  49  4:00  Overlord  
  49  4:04  Lair  
  49  4:05  Overlord  
  49  4:09  Drone  
  50  4:25  Roach x5  
  59  4:48  Roach  
  59  4:49  Roach x3  
  64  5:04  Glial Reconstitution  
  64  5:06  Overlord x3  
  63  5:07  Overlord  
  63  5:10  Drone x3  
  63  5:13  Extractor  
  65  5:19  Roach  
  67  5:21  Overlord  
  67  5:24  Hatchery  
  67  5:26  Burrow  
  66  5:33  Drone  
  67  5:36  Roach  
  67  5:37  Roach x6  
  81  5:43  Roach  
  81  5:45  Overlord  
  83  5:54  Roach  
  81  6:04  Roach x2  
  81  6:05  Roach x3  
  81  6:08  Roach x3  
  89  6:23  Roach  
  89  6:24  Roach x2  
  95  6:31  Drone x2  
  95  6:39  Roach x20  
  91  6:41  Roach x3  
  99  6:56  Roach x2  
  99  6:57  Roach  
  111  7:02  Drone  
Tags
 
Add a new tag
Caveats
  • Supply blocks, unpowered buildings, or Contaminate may cause inaccurate times.
  • Supply counts are checked every 10 seconds.